 Dungeon Crawl Stone Soup version 0.31-a0-204-g7da18cac08 (webtiles) character file.

Game seed: 10391644411147611879

178 qw the Skirmisher (level 5, -3/29 HPs)
             Began as a Deep Elf Hunter on June 27, 2023.
             Was an Initiate of Okawaru.
             Slain by Duvessa
             ... wielding a +2 short sword of freezing
              (4 damage)
             ... on level 4 of the Dungeon.
             The game lasted 00:00:50 (2653 turns).

qw the Skirmisher (Deep Elf Hunter)                 Turns: 2653, Time: 00:00:50

Health: -3/29      AC:  7    Str: 10    XL:     5   Next: 32%
Magic:  7/7        EV: 11    Int: 14    God:    Okawaru [......]
Gold:   155        SH:  0    Dex: 18    Spells: 4/4 levels left

rFire   . . .        Y - +1 shortbow
rCold   . . .        (shield currently unavailable)
rNeg    . . .        i - +0 ring mail
rPois   .            (no helmet)
rElec   .            (no cloak)
rCorr   .            g - +1 pair of gloves "Qiadaj" {Regen+}
SInv    .            (no boots)
Will    .....        (no amulet)
Stlth   +            (no ring)
HPRegen 1.04/turn    (no ring)
MPRegen 0.10/turn

%: no passive effects
@: no status effects
A: no striking features
a: Renounce Religion


You were on level 4 of the Dungeon.
You worshipped Okawaru.
Okawaru was noncommittal.
You visited 1 branch of the dungeon, and saw 4 of its levels.

You collected 155 gold pieces.


   Skills:
 - Level 1.5 Fighting
 + Level 8.8 Ranged Weapons
 - Level 2.4 Dodging
 - Level 1.2 Stealth


You had 4 spell levels left.
You didn't know any spells.
Your spell library was empty.

Inventory:

Hand Weapons
 Y - a +1 shortbow (weapon)
Armour
 g - the +1 pair of gloves "Qiadaj" (worn) {Regen+}
   (You found it on level 2 of the Dungeon)

   Regen:     It increases your rate of health regeneration.
 i - a +0 ring mail (worn)
Jewellery
 b - a ring of ice
Scrolls
 c - 2 scrolls of teleportation
Potions
 a - a potion of magic {unknown}
 d - a potion of curing {unknown}
 e - a potion of heal wounds
 j - a potion of resistance {unknown}

Dungeon Overview and Level Annotations

Branches:
Dungeon (4/15)
 Temple: D:4-7

Altars:
Okawaru

Annotations:
D:4 Dowan, Duvessa


Message History

You open the door.
There is an open door here.
You open the door.
There is an open door here.
You open the door.
There is an open door here.
Duvessa and Dowan come into view.
Duvessa is wielding a +2 short sword of freezing.
Dowan points at Duvessa and mumbles some strange words.
Duvessa seems to speed up.
Enter note:
Enter note: You shoot an arrow.
The arrow closely misses Duvessa.
Dowan casts a spell.
Dowan blinks!
You shoot an arrow. The arrow barely misses Duvessa.
You shoot an arrow. The arrow hits Duvessa!
Duvessa is moderately wounded.
You shoot an arrow. The arrow closely misses Duvessa.
Duvessa hits you with a +2 short sword of freezing.
Duvessa freezes you.
You shoot an arrow. The arrow completely misses Duvessa.
Duvessa hits you but does no damage. Duvessa barely misses you.
You shoot an arrow.
The arrow hits Duvessa but does no damage.
Duvessa is moderately wounded.
Duvessa hits you with a +2 short sword of freezing!
Duvessa freezes you.
You shoot an arrow. The arrow hits Duvessa.
Duvessa is heavily wounded.
Duvessa hits you with a +2 short sword of freezing.
Duvessa freezes you. Dowan hits you but does no damage.
Duvessa hits you with a +2 short sword of freezing.
Duvessa freezes you.
You shoot an arrow. The arrow barely misses Duvessa.
Duvessa says, "Where magic fails, the sword succeeds!"
Duvessa closely misses you. Dowan misses you.
Duvessa hits you with a +2 short sword of freezing!
Duvessa freezes you.
You die...

....... ....... ........
....... ......
############....#
'.....[.'..#....#
#.......#..#....#
#..##..##..#....#
#..##..##'##....#+####+#
#..#...##..#....@e......
#..#.......#.....e......
#..+.......'............
#+#######+##............
................#####
................+
................#
...............#
...............##+##


You could see Duvessa (fast) and Dowan.

Vanquished Creatures
  A jelly (D:4)
  Jessica (D:2)
  An iguana (D:4)
  4 adders (D:2)
  3 worms
  A dart slug (D:1)
  5 bats
  5 endoplasms
  2 giant cockroaches
  2 goblins
  4 hobgoblins
  4 kobolds
  4 quokkas (D:2)
  8 ball pythons
  3 frilled lizards (D:2)
  4 rats (D:1)
52 creatures vanquished.

Notes
Turn   | Place    | Note
-------+----------+-------------------------------------------
     0 | D:1      | qw the Deep Elf Hunter began the quest for the Orb.
     0 | D:1      | Reached XP level 1. HP: 12/12 MP: 3/3
     0 | D:1      | 0 ||| qw: Version: 0.3-a-22-g0ed2b0b
     0 | D:1      | 0 ||| qw: Game counter: 6613
     0 | D:1      | 0 ||| qw: Melee chars always use a shield: true
     0 | D:1      | 0 ||| qw: God list: Okawaru
     0 | D:1      | 0 ||| qw: Allow faded altars: false
     0 | D:1      | 0 ||| qw: Do Orc after clearing Dungeon:15 true
     0 | D:1      | 0 ||| qw: Do second Lair branch before Depths: true
     0 | D:1      | 0 ||| qw: Lair rune preference: random
     0 | D:1      | 0 ||| qw: Goals: Normal
     0 | D:1      | 0 ||| PLANNING D:1-11
   193 | D:1      | Reached skill level 6 in Ranged Weapons
   193 | D:1      | Reached XP level 2. HP: 16/16 MP: 4/4
   782 | D:1      | 782 ||| UPGRADING to +0 ring mail.
   792 | D:1      | 792 ||| DROPPING +0 leather armour.
   793 | D:1      | 793 ||| READING 2 scrolls labelled MIASEAMNEF.
   794 | D:1      | 794 ||| READING scroll labelled UFALEOLAFE.
   795 | D:1      | 795 ||| READING scroll labelled DOKHAN FIUDIW.
   798 | D:1      | 798 ||| DRINKING 2 coppery potions.
   799 | D:1      | 799 ||| DROPPING scroll of amnesia.
   800 | D:1      | 800 ||| DROPPING scroll of butterflies.
   801 | D:1      | 801 ||| DROPPING potion of brilliance.
   874 | D:2      | Found an iron altar of Okawaru.
   875 | D:2      | 875 ||| PLANNING OKAWARU WORSHIP
   888 | D:2      | Reached XP level 3. HP: 15/20 MP: 5/5
   907 | D:2      | Became a worshipper of Warmaster Okawaru
   908 | D:2      | 908 ||| PLANNING D:1-11
   997 | D:2      | Reached skill level 7 in Ranged Weapons
  1009 | D:2      | HP: 5/20 [worm (8)]
  1026 | D:2      | 1026 ||| FLEEEEING.
  1035 | D:2      | HP: 5/20 [poisoned by an adder]
  1113 | D:2      | Noticed Jessica
  1119 | D:2      | Killed Jessica
  1120 | D:2      | Reached XP level 4. HP: 25/25 MP: 6/6
  1158 | D:2      | Identified the +1 pair of gloves "Qiadaj" {Regen+}
  1282 | D:2      | Found a faded altar of an unknown god.
  1540 | D:2      | Reached skill level 8 in Ranged Weapons
  1829 | D:2      | 1829 ||| DROPPING scarf of shadows.
  1830 | D:2      | 1830 ||| UPGRADING to +1 pair of gloves "Qiadaj" {Regen+}.
  1835 | D:2      | 1835 ||| READING scroll labelled ZIAWNEHAUD.
  1836 | D:2      | 1836 ||| READING scroll labelled YSIEPHAANE.
  1837 | D:2      | 1837 ||| READING scroll labelled QEOFEU YTUCW.
  1838 | D:2      | 1838 ||| DRINKING 2 amethyst potions.
  2537 | D:4      | Reached XP level 5. HP: 29/29 MP: 7/7
  2645 | D:4      | Noticed Duvessa
  2645 | D:4      | Noticed Dowan
  2653 | D:4      | HP: 1/29 [Duvessa/+2 short sword of freezing (9)]
  2653 | D:4      | Slain by Duvessa

Levels and vault maps discovered:
D:1:      scummos_arrival_simple_fountains, layout_loops_corners
D:2:      layout_basic, basic_altar, shapermc_ecumenical_altar_rom_forum,
          minmay_pentomino_z4, uniq_jessica
D:3:      layout_basic
D:4:      layout_gridville, uniq_duvessa

Skill      XL: |  1  2  3  4 |
---------------+-------------+-----
Ranged Weapons | 6 7 8 |  8.8
Fighting       | |  1.5
Dodging        | |  2.4
Stealth        | |  1.2

Action                     |  1- 3 |  4- 6 || total
---------------------------+-------+-------++-------
   Fire: Shortbow          |    88 |    79 ||   167
    Use: Scroll            |     3 |     3 ||     6
         Potion            |     1 |     1 ||     2
 Armour: Ring mail         |    11 |    10 ||    21
         Leather armour    |     1 |       ||     1
  Dodge: Dodged            |    26 |    12 ||    38

Table legend:
 A = Non-vault XP
 B = Vault XP
 C = Vault XP percentage of total XP
 D = Non-vault monster count
 E = Vault monster count
 F = Vault count percentage of total count
                 A         B        C        D         E       F
            +---------+---------+-------+---------+---------+-------
      Total |     213 |      42 |  16.5 |      47 |       5 |   9.6
            +---------+---------+-------+---------+---------+-------
        D:1 |      25 |       0 |   0.0 |      16 |       0 |   0.0
        D:2 |      92 |      42 |  31.3 |      22 |       5 |  18.5
        D:3 |      14 |       0 |   0.0 |       6 |       0 |   0.0
        D:4 |      82 |       0 |   0.0 |       3 |       0 |   0.0
            +---------+---------+-------+---------+---------+-------
